 Dungeon Crawl Stone Soup version 0.19.1-1-g22dce08 (webtiles) character file.

56211 Lennu the Martial Artist (level 14, -9/72 HPs)
             Began as a Vine Stalker Transmuter on Jan 6, 2017.
             Was a Follower of Uskayaw.
             Mangled by an orc knight
             ... wielding a +1 battleaxe of freezing
              (33 damage)
             ... on level 2 of the Orcish Mines.
             The game lasted 02:30:00 (19651 turns).

Lennu the Martial Artist (Vine Stalker Transmuter) Turns: 19651, Time: 02:30:00

Health: -9/72      AC: 16    Str: 17    XL:     14   Next: 80%
Magic:  0/38       EV: 16    Int: 18    God:    Uskayaw [*.....]
Gold:   1693       SH:  5    Dex: 17    Spells: 2 memorised, 25 levels left

rFire  + . .     SeeInvis +       - Unarmed
rCold  . . .     Gourm    .     Z - +1 leather armour "Izahale" {rF+ Dex-3 Slay+5 SInv}
rNeg   . . .     Faith    .     (shield currently unavailable)
rPois  .         Spirit   +     x - +3 hat of Pondering {ponderous, MR+ MP+10 Int+5}
rElec  .         Reflect  +     P - +2 cloak
rCorr  .         Harm     .     (gloves currently unavailable)
MR     ++...                    k - +0 pair of boots
Stlth  ++++......               N - +5 amulet of reflection
                                m - +4 ring of protection
                                L - +4 ring of strength

@: blade hands (expiring), slow
A: fangs 3, mutation resistance 1, regeneration 2, magic shield, antimagic bite,
no device heal 3, rot immunity
a: End Transformation, Stomp, Renounce Religion


You were on level 2 of the Orcish Mines.
You worshipped Uskayaw.
Uskayaw was noncommittal.
You were hungry.
You had blades for hands.
You visited 4 branches of the dungeon, and saw 20 of its levels.
You also visited: Bailey.

You collected 2001 gold pieces.
You spent 308 gold pieces at shops.

Inventory:

Missiles
 F - 45 arrows
Armour
 f - a +2 robe of positive energy
 k - a +0 pair of boots (worn)
 q - a +0 pair of gloves (melded)
 w - a +3 chain mail of fire resistance
 x - the +3 hat of Pondering (worn) {ponderous, MR+ MP+10 Int+5}
   (You took it off Gastronok on level 1 of the Lair of Beasts)

   It affects your intelligence (+5).
   It affects your resistance to hostile enchantments.
   It affects your magic capacity (+10).
 P - a +2 cloak (worn)
 Q - a +2 buckler of reflection (melded)
 Z - the +1 leather armour "Izahale" (worn) {rF+ Dex-3 Slay+5 SInv}
   (You found it on level 4 of the Lair of Beasts)

   It affects your dexterity (-3).
   It affects your accuracy and damage with ranged weapons and melee attacks
   (+5).
   It protects you from fire.
   It lets you see invisible.
Jewellery
 a - an uncursed ring of magical power
 m - a +4 ring of protection (right scythe-like blade)
 p - an uncursed amulet of regeneration
 r - an uncursed ring of resist corrosion
 z - an uncursed ring of protection from magic
 A - an uncursed ring of protection from magic
 B - an uncursed ring of resist corrosion
 C - an uncursed ring of protection from cold
 E - an uncursed ring of see invisible
 L - a +4 ring of strength (left scythe-like blade)
 N - a +5 amulet of reflection (around neck)
 O - an uncursed ring of protection from magic
Wands
 j - a wand of acid (6/15)
 I - a wand of lightning (3/15)
 J - a wand of iceblast (6/15)
 V - a wand of iceblast (10/15)
Scrolls
 b - 5 scrolls of remove curse
 e - 3 scrolls of teleportation
 i - 4 scrolls of amnesia
 s - a scroll of blinking
 u - 2 scrolls of magic mapping
 D - 7 scrolls of enchant weapon
 H - a scroll of fog
 Y - a scroll of enchant armour
Potions
 l - 14 potions of curing
 n - a potion of haste
 t - a potion of ambrosia
 v - 2 potions of cancellation
 G - 2 potions of might
 R - a potion of brilliance
 S - a potion of agility
 W - a potion of magic
Books
 c - a book of Changes

   Spells                             Type                      Level
   a - Beastly Appendage              Transmutation                1
   b - Sticks to Snakes               Transmutation                2
   c - Spider Form                    Transmutation/Poison         3
   d - Ice Form                       Ice/Transmutation            4
   e - Blade Hands                    Transmutation                5
 M - a book of Transfigurations

   Spells                             Type                      Level
   a - Irradiate                      Conjuration/Transmutation    5
   b - Statue Form                    Transmutation/Earth          6
   c - Hydra Form                     Transmutation                6
   d - Dragon Form                    Transmutation                7
Comestibles
 d - 15 bread rations
 h - 33 fruits
 o - 5 meat rations
 X - 13 royal jellies


   Skills:
 * Level 7.4 Fighting
 * Level 6.9 Armour
 * Level 7.0 Dodging
 + Level 7.9 Stealth
 * Level 4.9 Shields
 * Level 14.0 Unarmed Combat
 * Level 9.1 Spellcasting
 * Level 9.1 Transmutations
 * Level 7.2 Invocations


You had 25 spell levels left.
You knew the following spells:

 Your Spells              Type           Power        Failure   Level  Hunger
a - Beastly Appendage     Tmut           #####.       12%         1    None
b - Blade Hands           Tmut           #####.....   45%         5    #####..


Dungeon Overview and Level Annotations

Branches:
Dungeon (11/15)            Temple (1/1) D:4            Lair (6/6) D:9
  Swamp (0/4) Lair:2       Spider (0/4) Lair:3        Slime (0/5) Lair:6
    Orc (2/2) D:9             Elf (0/3) Orc:2

Altars:
Ashenzari
Cheibriados
Elyvilon
Fedhas
Gozag
Makhleb
Nemelex Xobeh
Okawaru
Ru
Sif Muna
Trog
Uskayaw
Vehumet
Xom
Yredelemnul
Zin
The Shining One
Beogh
Jiyva

Shops:
D:7 }   Orc:1 *   Orc:2 !!


Innate Abilities, Weirdness & Mutations

You have razor-sharp teeth.
You heal very quickly.
When hurt, damage is shared between your health and your magic reserves.
Your bite disrupts and absorbs the magic of your enemies.
Potions and wands cannot restore your health.
You are immune to rotting.
You are somewhat resistant to further mutation.


Message History

Things that are here:
a robe; a dagger; an orc skeleton The ynoxinul gestures.
Items here: ( ) [ ÷ a plate armour; 5 tomahawks; a scimitar; an orc skeleton You barely miss the orc knight.
You bite the orc knight. You drain its power.
You feel invigorated.
The orc knight is moderately wounded.
The orc knight hits you with a battleaxe of freezing!!
The orc knight freezes you!
You hit the orc knight.
The orc knight is moderately wounded.
You slice the orc knight!! Your bite misses the orc knight.
The orc knight is severely wounded.
The orc knight hits you with a battleaxe of freezing!
The orc knight freezes you.
You slice the orc knight!!
The orc knight is almost dead.
The orc knight hits you with a battleaxe of freezing!!!
You die...

##.......
##((...#)∩###
#.....#o ##..#.....##
#..3.. ##.....#.∩###
#.#)## ##....#...###.
#.55## ##...#....##
## ##.[.##
##[...[[).## ##.oo##
##...###[)##
##.[[###...###)[## ##
##.o.#@..###..## ##.
##.#o#.###..#### #..
##o..###..###.## ##.
##.###..###...######
####..## ##...##)#.
##..#####........<
###...##..........#.
##.#...............##
##.........#....#...#


You could see an orc knight and an orc sorcerer.

Vanquished Creatures
  Rupert (Orc:2)
  Gastronok (Lair:1)
  Nessos (Lair:4)
  Erolcha (Orc:2)
  3 hydras
  4 death yaks (Lair:4)
  A tengu warrior (D:10)
  3 orc high priests
  A sun demon (Orc:2)
  An unseen horror (D:11)
  2 orc knights (Orc:2)
  3 orc sorcerers (Orc:2)
  A cyclops (Orc:2)
  6 elephants (Lair:3)
  A smoke demon (Orc:2)
  Maurice (D:8)
  7 black mambas
  8 spiny frogs
  A rime drake (Lair:6)
  A kobold demonologist (D:11)
  5 komodo dragons
  4 trolls
  10 polar bears
  5 dream sheep (Lair:5)
  15 blink frogs
  7 hippogriffs
  3 raiju (Lair:6)
  2 wyverns
  17 yaks
  3 basilisks
  A hungry ghost (D:8)
  A steam dragon (D:9)
  3 chaos spawn (Orc:2)
  11 wargs
  The ghost of McKennaii the Magician, an amateur HEWz (D:3)
  4 swamp worms (Lair:2)
  7 hell hounds (Lair:6)
  Duvessa (D:4)
  6 porcupines
  10 water moccasins
  The ghost of Lennu the Ruffian, an amateur VSTm (D:4)
  2 ice beasts
  34 orc warriors
  A sky beast (D:11)
  10 ogres
  15 black bears
  7 necrophages
  14 wolves
  3 centaurs
  4 crocodiles
  20 bullfrogs
  3 big kobolds
  8 gnoll sergeants (Bailey)
  A wyvern zombie (D:10)
  Dowan (D:4)
  A wyvern skeleton (D:9)
  5 scorpions
  12 killer bees
  2 howler monkeys (D:11)
  3 wights (D:10)
  3 electric eels
  7 crimson imps
  4 centaur zombies
  2 bullfrog zombies
  A jelly (D:5)
  A centaur skeleton (D:7)
  13 orc wizards
  2 bullfrog skeletons
  30 orc priests
  Crazy Yiuf (D:3)
  7 gnoll shamans
  22 hounds
  4 iguanas
  Natasha (thrice) (D:2)
  15 worker ants
  6 hell rats (Lair:6)
  Terence (D:2)
  A hound skeleton (D:4)
  3 worker ant zombies
  6 adders
  25 gnolls
  A shadow imp (D:10)
  An ooze (D:1)
  6 worms
  7 leopard geckos
  108 orcs
  11 giant cockroaches
  10 goblins
  8 hobgoblins
  14 jackals
  23 kobolds
  2 quokkas
  2 ball pythons
  A bat (D:3)
  3 frilled lizards
  A jackal skeleton (D:7)
  A leopard gecko skeleton (D:4)
  2 quokka skeletons
  7 rats
  A plant (Lair:6)
677 creatures vanquished.

Vanquished Creatures (others)
  A kobold (D:11)
  3 fungi
  8 plants
12 creatures vanquished.

Grand Total: 689 creatures vanquished

Notes
Turn   | Place    | Note
-------+----------+-------------------------------------------
     0 | D:1      | Lennu the Vine Stalker Transmuter began the quest for the Orb.
     0 | D:1      | Reached XP level 1. HP: 9/9 MP: 4/4
    71 | D:1      | Reached XP level 2. HP: 9/14 MP: 3/6
   807 | D:1      | Reached XP level 3. HP: 17/17 MP: 7/7
  1202 | D:2      | Reached skill level 1 in Fighting
  1322 | D:2      | Noticed Natasha
  1331 | D:2      | Killed Natasha
  1331 | D:2      | Gained mutation: Your natural rate of healing is unusually fast. [Vine Stalker growth]
  1331 | D:2      | Reached XP level 4. HP: 16/22 MP: 6/9
  1390 | D:2      | Reached skill level 4 in Unarmed Combat
  1443 | D:2      | Reached skill level 1 in Armour
  1443 | D:2      | Reached XP level 5. HP: 23/25 MP: 8/10
  1468 | D:2      | Noticed Terence
  1490 | D:2      | Killed Terence
  1650 | D:2      | Noticed Natasha
  1662 | D:2      | Killed Natasha
  1791 | D:2      | Noticed Natasha
  1797 | D:2      | Killed Natasha
  1993 | D:2      | Found a glowing silver altar of Zin.
  2516 | D:3      | Found a runed door.
  2577 | D:3      | Noticed McKennaii's ghost (amateur HEWz)
  2589 | D:3      | Killed McKennaii's ghost
  2589 | D:3      | Reached XP level 6. HP: 30/30 MP: 12/12
  2641 | D:3      | Noticed Crazy Yiuf
  2649 | D:3      | Killed Crazy Yiuf
  3111 | D:3      | Found a bloodstained altar of Trog.
  3195 | D:3      | Reached skill level 5 in Unarmed Combat
  3553 | D:4      | Reached XP level 7. HP: 28/34 MP: 13/13
  3775 | D:4      | Found a staircase to the Ecumenical Temple.
  3783 | Temple   | Entered the Ecumenical Temple
  3798 | Temple   | Became a worshipper of Uskayaw the Reveler
  3891 | D:4      | Reached * piety under Uskayaw
  3904 | D:4      | Reached ** piety under Uskayaw
  3998 | D:4      | Noticed Lennu's ghost (amateur VSTm)
  4014 | D:4      | Killed Lennu's ghost
  4014 | D:4      | Reached *** piety under Uskayaw
  4186 | D:4      | Noticed Duvessa
  4186 | D:4      | Noticed Dowan
  4206 | D:4      | Killed Duvessa
  4206 | D:4      | Reached skill level 6 in Unarmed Combat
  4217 | D:4      | Reached **** piety under Uskayaw
  4218 | D:4      | Killed Dowan
  4341 | D:4      | Gained mutation: You have razor-sharp teeth. [Vine Stalker growth]
  4341 | D:4      | Reached XP level 8. HP: 24/39 MP: 6/15
  4429 | D:4      | Found a glowing golden altar of the Shining One.
  4750 | D:5      | Entered Level 5 of the Dungeon
  4778 | D:5      | Reached skill level 1 in Invocations
  5191 | D:5      | Found a shimmering altar of Xom.
  5284 | D:5      | Reached skill level 1 in Stealth
  5284 | D:5      | Reached skill level 7 in Unarmed Combat
  5655 | D:5      | Found a radiant altar of Vehumet.
  5655 | D:5      | Found a sacrificial altar of Ru.
  5660 | D:5      | Found a faded altar of an unknown god.
  5662 | D:5      | Found a faded altar of an unknown god.
  5663 | D:5      | Found a faded altar of an unknown god.
  5932 | D:6      | Reached XP level 9. HP: 41/44 MP: 14/16
  6316 | D:6      | Found a white marble altar of Elyvilon.
  6690 | D:7      | Found Zoripurr's Gadget Emporium.
  6748 | D:7      | Found a blossoming altar of Fedhas.
  6800 | D:7      | Found an iron altar of Okawaru.
  6873 | D:7      | Learned a level 5 spell: Blade Hands
  7290 | D:7      | Reached skill level 8 in Unarmed Combat
  7689 | D:8      | Reached skill level 5 in Spellcasting
  8116 | D:8      | Reached ***** piety under Uskayaw
  8158 | D:8      | Reached XP level 10. HP: 28/49 MP: 10/18
  8223 | D:8      | Noticed Maurice
  8246 | D:8      | Killed Maurice
  8390 | D:8      | Found a sparkling altar of Nemelex Xobeh.
  8579 | D:9      | Reached skill level 9 in Unarmed Combat
  8626 | D:9      | Reached skill level 5 in Transmutations
  8694 | D:9      | Found a staircase to the Lair.
  9196 | D:9      | Found a staircase to the Orcish Mines.
  9765 | D:10     | Entered Level 10 of the Dungeon
  9874 | D:10     | Reached skill level 10 in Unarmed Combat
  9874 | D:10     | Reached XP level 11. HP: 54/54 MP: 20/20
 10056 | D:10     | Reached skill level 5 in Fighting
 10056 | D:10     | Reached skill level 5 in Dodging
 10216 | D:10     | Gained mutation: Scrolls take you a little longer to read. [potion of mutation]
 10216 | D:10     | Gained mutation: You occasionally shout uncontrollably at your foes. [potion of mutation]
 10216 | D:10     | Gained mutation: Scrolls take you longer to read. [potion of mutation]
 10217 | D:10     | Lost mutation: You occasionally shout uncontrollably at your foes. [potion of cure mutation]
 10217 | D:10     | Lost mutation: Scrolls take you longer to read. [potion of cure mutation]
 10217 | D:10     | Lost mutation: Scrolls take you a little longer to read. [potion of cure mutation]
 10544 | D:10     | Noticed a tengu warrior
 10560 | D:10     | Killed a tengu warrior
 10945 | D:11     | Gained mutation: You are somewhat resistant to further mutation. [mutagenic meat]
 11078 | D:11     | Noticed a four-headed hydra
 11089 | D:11     | Killed a four-headed hydra
 11089 | D:11     | Reached skill level 1 in Shields
 11160 | D:11     | Noticed an unseen horror
 11170 | D:11     | Killed an unseen horror
 11170 | D:11     | Reached skill level 5 in Armour
 11170 | D:11     | Reached skill level 5 in Stealth
 11199 | D:11     | Noticed a hill giant
 11314 | Lair:1   | Entered Level 1 of the Lair of Beasts
 11374 | Lair:1   | Reached skill level 11 in Unarmed Combat
 11464 | Lair:1   | You fall through a shaft!
 11651 | Lair:1   | Noticed a seven-headed hydra
 11674 | Lair:1   | Killed a seven-headed hydra
 12004 | Lair:1   | Noticed Gastronok
 12025 | Lair:1   | Killed Gastronok
 12025 | Lair:1   | Reached skill level 5 in Invocations
 12025 | Lair:1   | Gained mutation: You heal very quickly. [Vine Stalker growth]
 12025 | Lair:1   | Reached XP level 12. HP: 45/60 MP: 18/23
 12633 | Lair:2   | Noticed an eight-headed hydra
 12642 | Lair:2   | Killed an eight-headed hydra
 12838 | Lair:2   | Found a staircase to the Swamp.
 13324 | Lair:3   | Found a hole to the Spider Nest.
 13782 | Lair:3   | Reached skill level 12 in Unarmed Combat
 13877 | Lair:3   | Reached XP level 13. HP: 65/65 MP: 25/25
 14424 | Lair:4   | Noticed Nessos
 14539 | Lair:4   | Got a polished leather armour
 14540 | Lair:4   | Identified the cursed +1 leather armour "Izahale" {rF+ Dex-3 Slay+5 SInv} (You found it on level 4 of the Lair of Beasts)
 14936 | Lair:4   | Killed Nessos
 15835 | Lair:6   | Entered Level 6 of the Lair of Beasts
 15859 | Lair:6   | Reached skill level 13 in Unarmed Combat
 15998 | Lair:6   | Found a staircase to the Slime Pits.
 15998 | Lair:6   | Found a viscous altar of Jiyva.
 16473 | Lair:6   | Reached XP level 14. HP: 67/70 MP: 27/27
 16494 | Lair:6   | Reached ****** piety under Uskayaw
 16913 | Orc:1    | Entered Level 1 of the Orcish Mines
 17018 | Orc:1    | Found Zochuhe's General Store.
 17178 | Orc:1    | Found a flagged portal.
 17189 | Bailey   | Entered a bailey
 17847 | Orc:2    | Entered Level 2 of the Orcish Mines
 17979 | Orc:2    | Found a roughly hewn altar of Beogh.
 18014 | Orc:2    | Noticed Erolcha
 18022 | Orc:2    | Found a staircase to the Elven Halls.
 18027 | Orc:2    | Killed Erolcha
 18579 | Orc:2    | Found Tovar's Distillery.
 18584 | Orc:2    | Found Piplas's Distillery.
 18745 | Orc:2    | Bought a potion of haste for 110 gold pieces
 18745 | Orc:2    | Bought 2 potions of might for 88 gold pieces
 18745 | Orc:2    | Bought a potion of haste for 110 gold pieces
 18790 | Orc:2    | Noticed Rupert
 19300 | Orc:2    | Killed Rupert
 19401 | Orc:2    | Reached skill level 14 in Unarmed Combat
 19651 | Orc:2    | Mangled by an orc knight

Skill      XL: |  1  2  3  4  5  6  7  8  9 10 11 12 13 14 |
---------------+-------------------------------------------+-----
Fighting       | 1 2 3 4 5 6 7 |  7.4
Unarmed Combat | 4 5 6 7 8 10 11 12 13 14 | 14.0
Spellcasting   | 3 4 5 6 7 8 9 |  9.1
Armour         | 1 2 3 4 5 6 |  6.9
Dodging        | 2 3 4 5 6 7 |  7.0
Transmutations | 3 4 5 6 7 8 9 |  9.1
Invocations    | 2 3 5 6 7 |  7.2
Stealth        | 2 4 5 6 7 |  7.9
Shields        | 2 3 4 |  4.9

Action                   |  1- 3 |  4- 6 |  7- 9 | 10-12 | 13-15 || total
-------------------------+-------+-------+-------+-------+-------++-------
Melee: Unarmed           |   100 |   173 |   482 |   769 |   569 ||  2093
       Bite              |    20 |    51 |   158 |   252 |   148 ||   629
       Kick              |     8 |     4 |       |       |       ||    12
       Headbutt          |     9 |     2 |    56 |   149 |    28 ||   244
       Punch             |     2 |     5 |    16 |    27 |    22 ||    72
 Cast: Beastly Appendage |    16 |     5 |    31 |    76 |    18 ||   146
       Blade Hands       |       |       |       |    10 |    48 ||    58
Invok: Stomp             |       |       |     1 |     3 |     4 ||     8
       Line Pass         |       |       |       |     2 |       ||     2
       Grand Finale      |       |       |       |       |     1 ||     1
  Use: Scroll            |       |    13 |     2 |     6 |    10 ||    31
       Potion            |       |       |     1 |     7 |     1 ||     9
 Stab: Paralysed         |       |       |    14 |    61 |    58 ||   133
       Sleeping          |       |       |     4 |    12 |     5 ||    21
       Confused          |       |       |       |     2 |       ||     2
       Distracted        |       |       |       |     1 |     2 ||     3
  Eat: Chunk             |     2 |     7 |    15 |    20 |    24 ||    68
       Beef jerky        |       |       |       |     2 |       ||     2
       Pizza             |       |       |       |     1 |     1 ||     2
       Meat ration       |       |       |       |     1 |     1 ||     2
       Royal jelly       |       |       |       |       |     1 ||     1
Armor: Robe              |     5 |       |   111 |   214 |     9 ||   339
       Ring mail         |    24 |    14 |       |       |       ||    38
       Chain mail        |       |    77 |    58 |       |       ||   135
       Leather armour    |       |       |       |       |   138 ||   138
Dodge: Dodged            |    49 |    46 |   248 |   484 |   387 ||  1214
Block: Buckler           |       |       |       |    78 |    60 ||   138
       Reflection        |       |       |       |     2 |     1 ||     3
       Other             |       |       |       |       |    32 ||    32
